 Dungeon Crawl Stone Soup version 0.28-a0-938-gbc3f381ebc (webtiles) character file.

Game seed: 6426974956086596676

7 ytrimaz the Grave Robber (level 1, 0/13 HPs)
             Began as a Demonspawn Necromancer on Nov 28, 2021.
             Slain by a ball python (1 damage)
             ... on level 2 of the Dungeon.
             The game lasted 00:01:04 (456 turns).

ytrimaz the Grave Robber (Demonspawn Necromancer)    Turns: 456, Time: 00:01:05

Health: 0/13       AC:  4    Str:  8    XL:     1   Next: 91%
Magic:  3/3        EV: 12    Int: 19    God:
Gold:   0          SH:  0    Dex: 13    Spells: 3/4 levels left

rFire   . . .      SeeInvis .   (no weapon)
rCold   . . .      Faith    .   (no shield)
rNeg    . . .      Spirit   .   a - +0 robe
rPois   .          Reflect  .   b - +1 helmet {Int+3}
rElec   .          Harm     .   (no cloak)
rCorr   .          Rampage  .   (no gloves)
Will    .....                   (no boots)
Stlth   ++........              (no amulet)
HPRegen 0.04/turn               (no ring)
MPRegen 0.08/turn               (no ring)

@: no status effects
A: no striking features
a: no special abilities


You were on level 2 of the Dungeon.
You visited 1 branch of the dungeon, and saw 2 of its levels.

Inventory:

Armour
 a - a +0 robe (worn)
 b - a +1 helmet of intelligence (worn)


   Skills:
 + Level 1.7 Dodging
 - Level 1.7 Stealth
 + Level 2.0 Spellcasting
 * Level 4.8 Necromancy


You had 3 spell levels left.
You knew the following spells:

 Your Spells              Type           Power      Damage    Failure   Level
a - Pain                  Necr           80%        1d8       2%          1

Your spell library contained the following spells:

 Spells                   Type           Power      Damage    Failure   Level
 Animate Skeleton         Necr           40%        N/A       2%          1
 Vampiric Draining        Necr           20%        2d7       7%          3
 Animate Dead             Necr           10%        N/A       22%         4
 Agony                    Necr           20%        N/A       54%         5


Dungeon Overview and Level Annotations

Branches:
Dungeon (2/15)

Altars:


Message History

The adder hisses angrily.
The jackal bites you but does no damage.
You climb upwards.
The ball python closely misses you. The ball python grabs you.
The ball python constricts you. The ball python barely misses you.
The ball python constricts you.
There is a stone staircase leading down here.
You escape the ball python's grasp.
The jackal closely misses you. The ball python bites you.
The ball python closely misses you.
You climb downwards.
The frilled lizard hisses angrily.
The adder barely misses you. The adder bites you.
* * * LOW HITPOINT WARNING * * *
There is a stone staircase leading up here.
Found 30 sling bullets.
The jackal bites you but does no damage.
The adder bites you.
* * * LOW HITPOINT WARNING * * *
The jackal closely misses you. The adder barely misses you.
The jackal barely misses you.
The jackal bites you but does no damage.
You aren't carrying any potions.
Unknown command.
You aren't carrying any scrolls.
Unknown command.
The jackal misses you.
An adder comes into view.
The adder hisses angrily.
The frilled lizard hisses.
The jackal barely misses you.
A bat comes into view.
The bat moves out of view.
The adder barely misses you.
The jackal bites you but does no damage.
The adder bites you but does no damage. The adder bites you.
* * * LOW HITPOINT WARNING * * *
The jackal barely misses you.
You miss the frilled lizard. The ball python bites you.
You die...

#############
##@l..........
###hSS.......#
#.S......(...#
.......##.........######.
..b.### ######.##........
... #.##<....... .
#.##.......# #..#........
##.####....#


You could see 2 adders, a jackal, a bat, a ball python and a frilled lizard.

Vanquished Creatures
  A ball python (D:1)
  2 endoplasms (D:1)
  A goblin (D:1)
  A bat (D:1)
  A kobold (D:1)
  A rat (D:1)
7 creatures vanquished.

Notes
Turn   | Place    | Note
-------+----------+-------------------------------------------
     0 | D:1      | ytrimaz the Demonspawn Necromancer began the quest for the
                  | Orb.
     0 | D:1      | Reached XP level 1. HP: 13/13 MP: 3/3
   456 | D:2      | Slain by a ball python

Illustrated notes

Levels and vault maps discovered:
D:1:      dpeg_arrival_pond, layout_basic, lemuel_another_geyser
D:2:      layout_rooms, ebering_ecumenical_altar_hall, minmay_surrounded

Action                   || total
-------------------------++-------
Melee: Unarmed           ||     4
 Cast: Pain              ||    10
Armor: Robe              ||    11
Dodge: Dodged            ||    21

Table legend: (Time is in decaauts)
 A = Elapsed time spent in this place.
 B = Non-inter-level travel time spent in this place.
 C = Inter-level travel time spent in this place.
 D = Time resting spent in this place.
 E = Time spent auto-exploring this place.
 F = Levels seen in this place.
 G = Mean time per level.
                   A        B        C        D        E       F      G
               +--------+--------+--------+--------+--------+-----+--------+
         Total |    456 |    456 |      0 |    296 |     76 |   2 |  228.0 |
       Dungeon |    456 |    456 |      0 |    296 |     76 |   2 |  228.0 |
               +--------+--------+--------+--------+--------+-----+--------+

Top non-repeatable levels by time:
     D:1: 440 daAuts
     D:2: 16 daAuts
